 Dungeon Crawl Stone Soup version 0.30.0 (webtiles) character file.

Game seed: 13197709306567204183

65 Kuronicle the Trooper (level 3, -1/29 HPs)
             Began as a Demonspawn Berserker on May 6, 2023.
             Was a Believer of Trog.
             Slain by Sigmund
             ... wielding a +0 scythe
              (8 damage)
             ... on level 2 of the Dungeon.
             The game lasted 00:03:56 (1324 turns).

Kuronicle the Trooper (Demonspawn Berserker)        Turns: 1324, Time: 00:03:57

Health: -1/29      AC:  8    Str: 19    XL:     3   Next: 92%
Magic:  3/3        EV: 11    Int:  8    God:    Trog [**....]
Gold:   92         SH:  0    Dex: 12    Spells: 2/2 levels left

rFire   + . .        b - +0 club
rCold   + . .        (no shield)
rNeg    . . .        c - +0 ring mail
rPois   +            g - +2 hat
rElec   +            (no cloak)
rCorr   +            f - +0 pair of gloves
SInv    .            (no boots)
Will    .....        (no amulet)
Stlth   +            (no ring)
HPRegen 0.24/turn    (no ring)
MPRegen 0.08/turn

%: no passive effects
@: resistant
A: spiny 1
a: Renounce Religion, Berserk, Trog's Hand


You were on level 2 of the Dungeon.
You worshipped Trog.
Trog was pleased with you.
You visited 1 branch of the dungeon, and saw 2 of its levels.

You collected 92 gold pieces.

Inventory:

Hand Weapons
 a - a +0 hand axe
 b - a +0 club (weapon)
Armour
 c - a +0 ring mail (worn)
 f - a +0 pair of gloves (worn)
 g - a +2 hat (worn)
Scrolls
 e - 2 scrolls of teleportation


   Skills:
 - Level 3.0 Fighting
 - Level 1.0 Maces & Flails
 - Level 0.1 Ranged Weapons
 * Level 2.6 Armour
 + Level 2.8 Dodging
 - Level 2.7 Unarmed Combat


You had 2 spell levels left.
You didn't know any spells.
Your spell library was empty.

Dungeon Overview and Level Annotations

Branches:
Dungeon (2/15)

Altars:

Shops:
D:1 :

Annotations:
D:2 Sigmund


Innate Abilities, Weirdness & Mutations

You are partially covered in sharp spines.


Message History

Sigmund closely misses you.
Sigmund seems less brilliant.
Sigmund hits you but does no damage.
You hit Sigmund.
Sigmund is heavily wounded.
Sigmund gestures at you while chanting. You resist with significant effort.
You are too injured to fight recklessly!
You are too injured to fight recklessly!
You're too confused to move!
Sigmund closely misses you.
You hit Sigmund.
Sigmund is severely wounded.
Sigmund gestures at you while chanting. The magic dart hits you.
You bump into the rock wall.
Sigmund closely misses you.
You barely miss Sigmund.
Sigmund is severely wounded.
You feel less confused.
You closely miss Sigmund.
Sigmund is severely wounded.
Sigmund casts a spell at you.
You are confused.
Sigmund barely misses you. Sigmund hits you but does no damage.
You hit Sigmund but do no damage. Your punch misses Sigmund.
Sigmund is severely wounded.
Sigmund is suddenly surrounded by pale red light.
Sigmund is struck by your spines. Sigmund hits you but does no damage.
You closely miss Sigmund.
Sigmund is severely wounded.
Sigmund is struck by your spines. Sigmund completely misses you.
You hit Sigmund.
Sigmund is almost dead.
You feel less confused.
You barely miss Sigmund.
Sigmund is almost dead.
Sigmund points at you and mumbles some strange words.
The magic dart hits you.
* * * LOW HITPOINT WARNING * * *
Sigmund is struck by your spines. Sigmund hits you with a +0 scythe!
You die...

..# ...# ...# ######
#....#
######†...####....###
......@@..........(.
#####.###....#....## ...
#####.......### ....
#.......<.....# #
###....#...........#.##.
#. ................#..
## ..................#
...................
..................###.


You could see Sigmund.

Vanquished Creatures
  2 adders (D:2)
  A worm (D:2)
  5 ball pythons
  3 bats
  4 endoplasms
  A giant cockroach (D:2)
  7 goblins
  9 hobgoblins
  4 quokkas
  A rat (D:2)
37 creatures vanquished.

Notes
Turn   | Place    | Note
-------+----------+-------------------------------------------
     0 | D:1      | Kuronicle the Demonspawn Berserker began the quest for the
                  | Orb.
     0 | D:1      | Reached XP level 1. HP: 18/18 MP: 1/1
   199 | D:1      | Gained mutation: You are partially covered in sharp spines.
                  | [demonic ancestry]
   199 | D:1      | Reached XP level 2. HP: 17/24 MP: 2/2
   232 | D:1      | Found Zodep's Book Emporium.
   359 | D:1      | Reached skill level 1 in Maces & Flails
   390 | D:1      | Found a faded altar of an unknown god.
  1025 | D:2      | Reached XP level 3. HP: 29/29 MP: 3/3
  1185 | D:2      | Reached ** piety under Trog
  1289 | D:2      | Noticed Sigmund
  1324 | D:2      | Slain by Sigmund

Illustrated notes

Levels and vault maps discovered:
D:1:      minmay_arrival_plants_in_alcoves, layout_rooms, serial_shops,
          nicolae_shop_hallway_plus, nicolae_ecumenical_snake_handling
D:2:      layout_rooms, uniq_sigmund

Skill      XL: |  1  2 |
---------------+-------+-----
Armour         | 2 |  2.6
Dodging        | 2 |  2.8
Maces & Flails | 1 |  1.0
Fighting       | |  3.0
Ranged Weapons | |  0.1
Unarmed Combat | |  2.7

Action                     || total
---------------------------++-------
  Melee: Club              ||    97
         Unarmed           ||    12
    Use: Scroll            ||     4
         Potion            ||     3
 Armour: Animal skin       ||    21
         Ring mail         ||    14
  Dodge: Dodged            ||    83
